 Dungeon Crawl Stone Soup version 0.30-a0-137-gd8773701ce (webtiles) character file.

Game seed: 9078201365956930151

847 testman the Cudgeller (level 7, -2/74 HPs)
             Began as a Troll Berserker on Sept 21, 2022.
             Was a Priest of Trog.
             Succumbed to a water moccasin's poison
             ... on level 6 of the Dungeon.
             The game lasted 00:09:17 (4177 turns).

testman the Cudgeller (Troll Berserker)             Turns: 4177, Time: 00:09:18

Health: -2/74      AC:  4    Str: 28    XL:     7   Next: 68%
Magic:  6/6        EV: 10    Int:  3    God:    Trog [***...]
Gold:   338        SH:  0    Dex:  9    Spells: 6/6 levels left

rFire   + . .      SeeInvis .    D - +0 flail (protect)
rCold   . . .      Faith    .    (no shield)
rNeg    . . .      Spirit   .    b - +0 animal skin
rPois   .          Reflect  .    (helmet restricted)
rElec   .          Harm     .    (no cloak)
rCorr   +          Rampage  .    (gloves unavailable)
Will    ++...                    (boots unavailable)
Stlth   +.........               (no amulet)
HPRegen 2.02/turn                l - ring of resist corrosion
MPRegen 0.10/turn                o - ring of protection from fire

@: lethally poisoned (-2 -> -21), strong-willed, on berserk cooldown,
regenerating, slowed, very slow
A: large, unfitting armour, claws 3, regeneration 1, shaggy fur 1, tough skin 1
a: Renounce Religion, Berserk, Trog's Hand


You were on level 6 of the Dungeon.
You worshipped Trog.
Trog was most pleased with you.
You visited 1 branch of the dungeon, and saw 6 of its levels.

You collected 338 gold pieces.

Inventory:

Hand Weapons
 p - a +0 whip of venom
 D - a +0 flail of protection (weapon)
 G - a +0 morningstar
Missiles
 j - 25 poisoned darts (quivered)
 m - 6 silver boomerangs
Armour
 b - a +0 animal skin (worn)
Jewellery
 l - a ring of resist corrosion (left claw)
 o - a ring of protection from fire (right claw)
 u - a ring of see invisible
 C - a ring of fire
Wands
 q - a wand of flame (7)
 E - a wand of mindburst (8)
Scrolls
 d - 2 scrolls of silence {unknown}
 f - 7 scrolls of identify {unknown}
 i - a scroll of immolation {unknown}
 k - a scroll of noise {unknown}
 n - a scroll of butterflies {unknown}
 s - 4 scrolls of teleportation {unknown}
 t - a scroll of torment {unknown}
 w - a scroll of poison {unknown}
 x - a scroll of magic mapping {unknown}
 y - 2 scrolls of vulnerability {unknown}
 z - 2 scrolls of blinking {unknown}
 A - a scroll of enchant weapon {unknown}
Potions
 a - a potion of resistance {unknown}
 c - a potion of heal wounds {unknown}
 e - a potion of invisibility {unknown}
 g - 2 potions of might {unknown}
 h - 3 potions of mutation {unknown}
 r - 4 potions of flight {unknown}
 v - a potion of attraction {unknown}
 B - a potion of haste {unknown}
 F - a potion of curing {unknown}


   Skills:
 + Level 5.7 Fighting
 + Level 6.2 Maces & Flails
 - Level 2.4 Dodging


You had 6 spell levels left.
You didn't know any spells.
Your spell library was empty.

Dungeon Overview and Level Annotations

Branches:
Dungeon (6/15)
 Temple: D:4-7

Altars:
Ashenzari
Dithmenos
Kikubaaqudgha
Ru
Sif Muna

Shops:
D:1 :   D:3 *


Innate Abilities, Weirdness & Mutations

You are too large for most types of armour.
You have claws for hands.
Your natural rate of healing is unusually fast.
You are covered in fur. (AC +1)
You have tough skin. (AC +1)


Message History

You miss the water moccasin.
The water moccasin is almost dead.
The water moccasin bites you but does no damage. x2
You closely miss the water moccasin.
The water moccasin is severely wounded.
The water moccasin bites you. x2
You are poisoned.
The water moccasin poisons you! The water moccasin bites you.
You are more poisoned.
The water moccasin poisons you!
You closely miss the water moccasin.
The water moccasin is severely wounded.
You feel extremely sick. The water moccasin closely misses you.
The water moccasin bites you.
You are more poisoned.
The water moccasin poisons you!
You miss the water moccasin.
The water moccasin is severely wounded.
You feel extremely sick. The water moccasin bites you!
You are more poisoned.
The water moccasin poisons you! The water moccasin bites you.
You barely miss the water moccasin.
The water moccasin is severely wounded.
You feel extremely sick. The water moccasin closely misses you.
The water moccasin bites you. x2
* * * LOW HITPOINT WARNING * * *
You barely miss the water moccasin. Your claw misses the water moccasin.
The water moccasin is severely wounded.
You feel extremely sick. The water moccasin bites you.
* * * LOW HITPOINT WARNING * * *
You are lethally poisoned!
The water moccasin poisons you! The water moccasin bites you.
* * * LOW HITPOINT WARNING * * *
You are more poisoned.
The water moccasin poisons you!
Your skin crawls.
You feel strong-willed.
You die...

....# ....# .... < # #
....# .. #. #. .. .#
... ..# #..###. .#.. #
... ##...###...###. .#
#....S#.###.#.
#...#...#@..#...# #..#
#
#####...#...#####.#...
#...#...#...#.#...
#.....#.###.#.....##...
##...###...###...###...
#.### #.....#.###.##...
. #...#...#...#...#..#
#...#####...#...#..#
#.. #...#...#...


You could see a water moccasin.

Vanquished Creatures
  An ice beast (D:6)
  A scorpion (D:3)
  2 bullfrogs
  A necrophage (D:5)
  2 hounds (D:5)
  2 orc priests (D:5)
  A jelly (D:6)
  Jessica (D:2)
  An iguana (D:5)
  Terence (D:3)
  Natasha (thrice) (D:2)
  2 orc wizards (D:4)
  8 adders
  A worm (D:5)
  9 orcs
  4 ball pythons
  7 endoplasms
  4 giant cockroaches
  5 goblins
  8 hobgoblins
  4 jackals (D:1)
  8 kobolds
  5 bats
  6 frilled lizards
  4 rats
91 creatures vanquished.

Notes
Turn   | Place    | Note
-------+----------+-------------------------------------------
     0 | D:1      | testman the Troll Berserker began the quest for the Orb.
     0 | D:1      | Reached XP level 1. HP: 22/22 MP: 0/0
    41 | D:1      | Reached skill level 3 in Maces & Flails
    41 | D:1      | Reached XP level 2. HP: 29/29 MP: 1/1
   119 | D:1      | Found a broken altar of Ashenzari.
   593 | D:1      | Found a faded altar of an unknown god.
   835 | D:1      | Found Juekic's Book Shoppe.
   943 | D:2      | Noticed Natasha
   951 | D:2      | Killed Natasha
   952 | D:2      | Reached XP level 3. HP: 37/37 MP: 2/2
   982 | D:2      | Noticed Natasha
   992 | D:2      | Killed Natasha
   993 | D:2      | Reached XP level 4. HP: 17/45 MP: 3/3
  1081 | D:2      | Reached ** piety under Trog
  1196 | D:2      | Noticed Natasha
  1202 | D:2      | Killed Natasha
  1250 | D:2      | Reached skill level 4 in Maces & Flails
  1335 | D:2      | Noticed Jessica
  1340 | D:2      | Killed Jessica
  1361 | D:2      | Reached XP level 5. HP: 54/54 MP: 4/4
  1797 | D:3      | Noticed Terence
  1809 | D:3      | Killed Terence
  1892 | D:3      | Found Gakuc's Assorted Antiques.
  2275 | D:3      | Reached XP level 6. HP: 55/62 MP: 5/5
  2371 | D:4      | Reached skill level 5 in Maces & Flails
  2485 | D:4      | Reached *** piety under Trog
  3171 | D:5      | Entered Level 5 of the Dungeon
  3212 | D:5      | Found a faded altar of an unknown god.
  3212 | D:5      | Found an ancient bone altar of Kikubaaqudgha.
  3217 | D:5      | Found a shadowy altar of Dithmenos.
  3221 | D:5      | Found a shimmering blue altar of Sif Muna.
  3222 | D:5      | Found a sacrificial altar of Ru.
  3462 | D:5      | Reached skill level 5 in Fighting
  3462 | D:5      | Reached XP level 7. HP: 50/72 MP: 6/6
  4116 | D:6      | Reached skill level 6 in Maces & Flails
  4177 | D:6      | Succumbed to a water moccasin's poison

Illustrated notes

Levels and vault maps discovered:
D:1:      minmay_arrival_radiant_lines, layout_basic, serial_shops,
          nicolae_shop_hallway_stairs, hellmonk_ecumenical_altar_heavens_door,
          minmay_hexomino_r4
D:2:      layout_basic, minmay_misc_feat_chi, st_stairs_5, uniq_natasha,
          uniq_jessica
D:3:      layout_rooms, serial_shops, nicolae_shop_hallway_plus,
          hangedman_abyss_or_decor_lesser_grid, kennysheep_crisscross,
          serial_bayou_pond_d, minmay_cut_off, uniq_terence
D:4:      layout_gridville
D:5:      layout_loops_ring, chequers_temple_overflow_minitemple,
          kennysheep_generic_room_15
D:6:      nicolae_cairo_tiling, layout_gridville

Skill      XL: |  1  2  3  4  5  6  7 |
---------------+----------------------+-----
Maces & Flails | 3 4 5 6 |  6.2
Fighting       | 3 4 5 |  5.7
Dodging        | |  2.4

Action                   |  1- 3 |  4- 6 |  7- 9 || total
-------------------------+-------+-------+-------++-------
Melee: Mace              |    73 |    10 |       ||    83
       Punch             |     1 |     5 |     2 ||     8
       Whip              |       |   207 |       ||   207
       Flail             |       |       |    57 ||    57
Invok: Berserk           |     1 |     4 |     2 ||     7
       Trog's Hand       |       |       |     1 ||     1
 Stab: Sleeping          |       |     3 |       ||     3
Armor: Animal skin       |    31 |    58 |    30 ||   119
Dodge: Dodged            |    30 |   111 |    26 ||   167

Table legend: (Time is in decaauts)
 A = Elapsed time spent in this place.
 B = Non-inter-level travel time spent in this place.
 C = Inter-level travel time spent in this place.
 D = Time resting spent in this place.
 E = Time spent auto-exploring this place.
 F = Levels seen in this place.
 G = Mean time per level.
                   A        B        C        D        E       F      G
               +--------+--------+--------+--------+--------+-----+--------+
         Total |   4223 |   4096 |    127 |    103 |   3205 |   6 |  703.8 |
       Dungeon |   4223 |   4096 |    127 |    103 |   3205 |   6 |  703.8 |
               +--------+--------+--------+--------+--------+-----+--------+

Top non-repeatable levels by time:
     D:2: 898 daAuts
     D:5: 886 daAuts
     D:1: 871 daAuts
     D:4: 859 daAuts
     D:3: 572 daAuts
     D:6: 136 daAuts
